 Dungeon Crawl Stone Soup version 0.30-a0-210-g01b79a254e (webtiles) character file.

Game seed: 14254892169035657388

13 tbh1313 the Chopper (level 2, -1/26 HPs)
             Began as a Minotaur Berserker on Oct 4, 2022.
             Was a Follower of Trog.
             Slain by a ball python (3 damage)
             ... on level 1 of the Dungeon.
             The game lasted 00:00:36 (325 turns).

tbh1313 the Chopper (Minotaur Berserker)             Turns: 325, Time: 00:00:37

Health: -1/26      AC:  2    Str: 21    XL:     2   Next: 24%
Magic:  1/1        EV: 12    Int:  4    God:    Trog [*.....]
Gold:   30         SH:  0    Dex:  9    Spells: 1/1 levels left

rFire   . . .      SeeInvis .    a - +0 hand axe
rCold   . . .      Faith    .    (no shield)
rNeg    . . .      Spirit   .    b - +0 animal skin
rPois   .          Reflect  .    (helmet restricted)
rElec   .          Harm     .    (no cloak)
rCorr   .          Rampage  .    (no gloves)
Will    .....                    (no boots)
Stlth   +.........               (no amulet)
HPRegen 0.24/turn                (no ring)
MPRegen 0.07/turn                (no ring)

@: no status effects
A: horns 2, retaliatory headbutt
a: Renounce Religion, Berserk


You were on level 1 of the Dungeon.
You worshipped Trog.
Trog was aware of your devotion.
You visited 1 branch of the dungeon, and saw 1 of its levels.

You collected 30 gold pieces.

Inventory:

Hand Weapons
 a - a +0 hand axe (weapon)
Armour
 b - a +0 animal skin (worn)
Jewellery
 g - a ring of fire
Scrolls
 e - a scroll of brand weapon {unknown}
Potions
 c - a potion of resistance {unknown}
 d - a potion of curing {unknown}
 f - a potion of degeneration {unknown}
 h - a potion of might {unknown}


   Skills:
 - Level 3.6 Fighting
 + Level 4.5 Axes
 - Level 2.4 Armour
 - Level 2.1 Dodging


You had one spell level left.
You didn't know any spells.
Your spell library was empty.

Dungeon Overview and Level Annotations

Branches:
Dungeon (1/15)

Altars:


Innate Abilities, Weirdness & Mutations

You have a pair of horns on your head.
You reflexively headbutt those who attack you in melee.


Message History

The giant cockroach barely misses you.
You completely miss the giant cockroach.
The giant cockroach is almost dead.
You hit the endoplasm.
The giant cockroach bites you but does no damage.
The endoplasm misses you.
You closely miss the giant cockroach.
The giant cockroach is almost dead.
You hit the endoplasm. You hit the endoplasm but do no damage.
The giant cockroach bites you. The endoplasm closely misses you.
The endoplasm freezes you.
You are frozen.
The giant cockroach bites you.
You closely miss the giant cockroach.
The giant cockroach is almost dead.
You hit the endoplasm but do no damage. You hit the endoplasm.
The endoplasm freezes you.
You are frozen.
The endoplasm hits you. The giant cockroach closely misses you.
The endoplasm attacks as you move away! The endoplasm closely misses you.
You hit the endoplasm.
You kill the endoplasm!
Trog accepts your kill.
You hit the endoplasm but do no damage. The endoplasm hits you.
You closely miss the giant cockroach.
The giant cockroach is almost dead.
You hit the endoplasm but do no damage.
The giant cockroach bites you but does no damage.
The endoplasm jiggles.
The endoplasm closely misses you. The giant cockroach bites you.
You hit the giant cockroach.
You kill the giant cockroach!
Trog accepts your kill.
You hit the endoplasm. The endoplasm freezes you.
You are frozen.
The endoplasm freezes you.
You are frozen.
* * * LOW HITPOINT WARNING * * *
The ball python attacks as you move away!
The ball python bites you.
You die...

.## ....... ##.#
............ #.# ..
....... #.## ..##.....?.
#..## ####
..#.......######(>. .....
#.#................
......#........)######...
$......JS....... ##....##
.....S.#@#########..#####
.......#..# #....######
.......##.# ##.####.....
....... #.# #..# #.....
......# #.# ##.## #.....
.....# #.###..# #.....
##### #.....## #.....
####### #..... ######


You could see an endoplasm and a ball python.

Levels and vault maps discovered:
D:1:      minmay_arrival_glassed_features, layout_rooms,
          shapermc_ecumenical_altar_mp_vishouse

Notes
Turn   | Place    | Note
-------+----------+-------------------------------------------
     0 | D:1      | tbh1313 the Minotaur Berserker began the quest for the Orb.
     0 | D:1      | Reached XP level 1. HP: 19/19 MP: 0/0
   118 | D:1      | Reached skill level 4 in Axes
   193 | D:1      | Reached XP level 2. HP: 21/26 MP: 1/1
   324 | D:1      | HP: 2/26 [frozen (5)]
   325 | D:1      | Slain by a ball python

Table legend: (Time is in decaauts)
 A = Elapsed time spent in this place.
 B = Non-inter-level travel time spent in this place.
 C = Inter-level travel time spent in this place.
 D = Time resting spent in this place.
 E = Time spent auto-exploring this place.
 F = Levels seen in this place.
 G = Mean time per level.
                   A        B        C        D        E       F      G
               +--------+--------+--------+--------+--------+-----+--------+
         Total |    327 |    327 |      0 |      0 |    263 |   1 |  327.0 |
       Dungeon |    327 |    327 |      0 |      0 |    263 |   1 |  327.0 |
               +--------+--------+--------+--------+--------+-----+--------+

Top non-repeatable levels by time:
     D:1: 327 daAuts

Table legend:
 A = Kills in this place as a percentage of kills in entire the game.
 B = Kills by you in this place as a percentage of kills by you in the entire game.
 C = Kills by friends in this place as a percentage of kills by friends in the entire game.
 D = Other kills in this place as a percentage of other kills in the entire game.
 E = Experience gained in this place as a percentage of experience gained in the entire game.
 F = Experience gained in this place divided by the number of levels of this place that you have seen.
                   A       B       C       D       E      F
               +-------+-------+-------+-------+-------+----------------------
         Total | 100.0 | 100.0 |   N/A |   N/A | 100.0 |  19.0
       Dungeon | 100.0 | 100.0 |   N/A |   N/A | 100.0 |  19.0
               +-------+-------+-------+-------+-------+----------------------

Action                   || total
-------------------------++-------
Melee: Hand axe          ||    22
       Headbutt          ||     3
 Stab: Sleeping          ||     1
Armor: Animal skin       ||     7
Dodge: Dodged            ||    19

Vanquished Creatures
  An endoplasm (D:1)
  2 giant cockroaches (D:1)
  A goblin (D:1)
  A quokka (D:1)
  4 ball pythons (D:1)
  A bat (D:1)
  A frilled lizard (D:1)
11 creatures vanquished.
